 Dungeon Crawl Stone Soup version 0.29.0-15-g675c0067aa (webtiles) character file.

Game seed: 12168342382670264811

41 pacmanke6689 the Slasher (level 3, 0/28 HPs)
             Began as a Demonspawn Gladiator on Sept 11, 2022.
             Slain by an iguana (13 damage)
             ... on level 2 of the Dungeon.
             The game lasted 00:02:18 (1428 turns).

pacmanke6689 the Slasher (Demonspawn Gladiator)     Turns: 1428, Time: 00:02:18

Health: 0/28       AC:  4    Str: 16    XL:     3   Next: 32%
Magic:  3/3        EV: 12    Int:  9    God:
Gold:   51         SH:  4    Dex: 14    Spells: 2/2 levels left

rFire   . . .      SeeInvis .   a - +1 long sword
rCold   . . .      Faith    .   (no shield)
rNeg    . . .      Spirit   .   b - +0 leather armour
rPois   .          Reflect  .   c - +0 helmet
rElec   .          Harm     .   (no cloak)
rCorr   .          Rampage  .   (no gloves)
Will    .....                   (no boots)
Stlth   +.........              (no amulet)
HPRegen 0.09/turn               (no ring)
MPRegen 0.08/turn               (no ring)

@: no status effects
A: condensation shield
a: no special abilities


You were on level 2 of the Dungeon.
You visited 1 branch of the dungeon, and saw 2 of its levels.

You collected 51 gold pieces.

Inventory:

Hand Weapons
 a - a +1 long sword (weapon)
Missiles
 d - 3 throwing nets (quivered)
 e - a javelin
Armour
 b - a +0 leather armour (worn)
 c - a +0 helmet (worn)
Jewellery
 g - a +4 ring of evasion
 i - a +6 ring of intelligence
Potions
 f - a potion of mutation {unknown}
 h - a potion of resistance
 j - a potion of curing {unknown}
 k - a potion of cancellation {unknown}


   Skills:
 + Level 2.6 Fighting
 + Level 3.3 Long Blades
 + Level 1.9 Throwing
 + Level 0.1 Armour
 + Level 3.0 Dodging


You had 2 spell levels left.
You didn't know any spells.
Your spell library was empty.

Dungeon Overview and Level Annotations

Branches:
Dungeon (2/15)

Altars:


Innate Abilities, Weirdness & Mutations

A meltable shield of frost defends you. (SH +4)


Message History

There is an open door here.
There is an open door here.
There is an open door here.
There is an open door here.
You see here a bat skeleton.
Done exploring.
There is a stone staircase leading down here.
There is a stone staircase leading down here.
You aren't carrying any scrolls.
You climb downwards.
There is a stone staircase leading up here.
Found a scale mail.
You see here a +0 scale mail.
You now have 51 gold pieces (gained 7).
j - a bubbling ruby potion
k - an orange potion
Found a barding and a mace.
An iguana and an adder come into view.
The iguana hisses angrily.
The adder hisses angrily.
The iguana moves out of view.
An adder is nearby!
You closely miss the adder. The adder closely misses you.
The adder bites you but does no damage. The iguana completely misses you.
You slash the adder!
The adder is almost dead.
The adder bites you. The iguana completely misses you.
You miss the adder.
The adder is almost dead.
You block the adder's attack. The iguana barely misses you.
The adder barely misses you.
You hit the adder.
You kill the adder!
The iguana bites you.
Your Dodging skill increases to level 3!
The iguana bites you!
You see here an adder corpse.
You hit the iguana.
The iguana is lightly wounded.
The iguana bites you!
You die...

#### # ...####
#.#.....#
#.#.....##
#....⌠...####
#...........#
##.#..@...#
#......l.#.#
#.##.###.# # #
#.#.# #.###.#.#
#.......#
#####.#######
#...........#
#.###.#####.#######


You could see an iguana.

Vanquished Creatures
  An adder (D:2)
  3 ball pythons (D:1)
  2 bats (D:1)
  An endoplasm (D:1)
  4 goblins (D:1)
  8 hobgoblins (D:1)
  2 jackals (D:1)
  A kobold (D:1)
  A quokka (D:1)
  4 rats (D:1)
27 creatures vanquished.

Notes
Turn   | Place    | Note
-------+----------+-------------------------------------------
     0 | D:1      | pacmanke6689 the Demonspawn Gladiator began the quest for
                  | the Orb.
     0 | D:1      | Reached XP level 1. HP: 16/16 MP: 1/1
   478 | D:1      | Gained mutation: A meltable shield of frost defends you.
                  | (SH +4) [demonic ancestry]
   478 | D:1      | Reached XP level 2. HP: 19/22 MP: 2/2
  1151 | D:1      | Reached XP level 3. HP: 27/28 MP: 3/3
  1428 | D:2      | Slain by an iguana

Illustrated notes

Levels and vault maps discovered:
D:1:      giann_wishing_wells, layout_basic
D:2:      layout_basic, shapermc_ecumenical_altar_notcrosses,
          hangedman_abyss_or_decor_lesser_grid, solitary_fountain

Skill      XL: |  1  2  3 |
---------------+----------+-----
Long Blades    | 3 |  3.3
Dodging        | 3 |  3.0
Fighting       | |  2.6
Throwing       | |  1.9
Armour         | |  0.1

Action                   || total
-------------------------++-------
Melee: Long sword        ||    75
  Use: Scroll            ||     3
Armor: Leather armour    ||    24
Dodge: Dodged            ||    57
Block: Other             ||    11
